 Dungeon Crawl Stone Soup version 0.16-a0-764-g7febf84 (webtiles) character file.

250854 MackTheKnife the Warrior (level 20, 0/162 HPs)
             Began as a Human Monk on Sept 20, 2014.
             Was an Elder of the Shining One.
             Slain by a frost giant simulacrum (39 damage)
             ... summoned by a vampire mage
             ... on Level 2 of the Crypt on Sept 24, 2014.
             The game lasted 02:37:52 (59697 turns).

MackTheKnife the Warrior (Human Monk)              Turns: 59697, Time: 02:37:52

HP   0/162       AC 19     Str 12      XL: 20   Next: 91%
MP  32/32        EV 25     Int 18      God: the Shining One [****..]
Gold 3317        SH  0     Dex 20      Spells:  4 memorised, 14 levels left

rFire  . . .     SeeInvis .     a - +8 lajatang (flame)
rCold  . . .     Clarity  +     f - +3 steam dragon armour
rNeg   + + .     rCorr    .     (no shield)
rPois  .         rRot     .     I - +1 helmet {Int+3}
rElec  .         Spirit   .     A - +1 cloak
SustAb .         Warding  .     D - +0 pair of gloves
rMut   .         Stasis   .     z - +0 pair of boots
Gourm  .                        e - amulet of clarity
MR     ++...                    y - +5 ring of slaying
                                E - ring of protection from magic

@: flayed, glowing, drained, very resistant to hostile enchantments, unstealthy
A: slimy green scales 1
a: Divine Shield, Cleansing Flame, Renounce Religion
}: 1/15 runes: gossamer


You were on level 2 of the Crypt.
You worshipped the Shining One.
The Shining One was greatly pleased with you.
You were not hungry.

You visited 8 branches of the dungeon, and saw 38 of its levels.
You also visited: Volcano and Wizlab.

You collected 4267 gold pieces.
You spent 631 gold pieces at shops.
You donated 319 gold pieces to Zin.


Innate Abilities, Weirdness & Mutations

You are partially covered in slimy green scales (AC +2).


   Skills:
 - Level 15.2(15.1) Fighting
 - Level 14.5(14.4) Staves
 - Level 9.5(9.4) Armour
 - Level 14.4(14.3) Dodging
 - Level 7.8 Stealth
 - Level 12.4(12.3) Unarmed Combat
 - Level 4.1(4.0) Spellcasting
 + Level 14.5 Charms
 - Level 4.1(4.0) Air Magic
 - Level 10.0 Invocations
 - Level 8.0(7.9) Evocations


You had 14 spell levels left.
You knew the following spells:

 Your Spells              Type           Power        Failure   Level  Hunger
d - Repel Missiles        Chrm/Air       #####.       1%          2    ##.....
f - Flight                Chrm/Air       #####.....   1%          3    ###....
r - Haste                 Chrm           ######..     8%          6    #######
s - Swiftness             Chrm/Air       #####...     1%          2    ##.....

Inventory:

Hand weapons
 a - a +8 lajatang of flaming (weapon)
Missiles
 h - 5 stones (quivered)
Armour
 f - a +3 steam dragon armour (worn)
 z - a +0 pair of boots (worn)
 A - a +1 cloak (worn)
 D - a +0 pair of gloves (worn)
 I - a +1 helmet of intelligence (worn)
Magical devices
 g - a wand of teleportation (3)
 n - a wand of magic darts (4)
 o - a wand of cold (9)
 q - a wand of cold (0)
 w - a wand of disintegration (11)
 K - a wand of digging (8)
 P - a wand of disintegration (11)
 Q - a wand of disintegration (24)
Comestibles
 b - 6 bread rations
 c - 19 fruits
 t - a slice of pizza
 M - 2 meat rations
Scrolls
 d - a scroll of identify
 k - 6 scrolls of fear
 l - 15 scrolls of remove curse
 v - 3 scrolls of fog
 F - 6 scrolls of recharging
 G - 4 scrolls of magic mapping
 H - a scroll of brand weapon
Jewellery
 e - an amulet of clarity (around neck)
 i - an uncursed ring of teleport control
 j - an uncursed amulet of resist mutation
 r - an uncursed ring of protection from cold
 y - a +5 ring of slaying (right hand)
 E - a ring of protection from magic (left hand)
 J - an uncursed amulet of stasis
 O - a +3 ring of dexterity
Potions
 m - 9 potions of restore abilities
 u - a potion of magic
 x - 2 potions of cure mutation
 B - 9 potions of berserk rage
 S - 2 potions of brilliance
 T - 2 potions of invisibility

· ···· ····· ······ ······· ·
······· ····▒▒▒▒▒▒▒▒▒·V····· ···
·····▒·····^·▒Z··▒ ▒··
······▒(······pWVZ▒ ▒·▒
▒······▒·······▒W··▒ ▒·▒
▒······▒·······▒·£·▒ ▒·▒
▒······▒·······▒···▒ ▒·▒
▒······▒·······▒···▒ ▒·▒
▒······'·······▒···▒ ▒··
▒······▒·······▒···▒▒▒▒▒▒▒▒▒▒▒··
▒······▒▒▒▒▒▒'▒▒············[···
▒·▒▒▒▒······················<···


You could see a jiangshi, 2 flayed ghosts, a vampire mage, a frost giant
simulacrum and an ice dragon zombie.


Message History

The flayed ghost cries, "Suffer as I suffered!"
Terrible wounds open up all over your body!
You hit the jiangshi. You burn the jiangshi.
The jiangshi is almost destroyed.
The jiangshi closely misses you. The jiangshi claws you.
The jiangshi claws you!
The jiangshi draws strength from your injuries!
The jiangshi completely misses you.
You slash the jiangshi! You burn the jiangshi.
You destroy the jiangshi!
The Shining One accepts your kill.
You feel a little better.
The flayed ghost completely misses you. x2
The frost giant simulacrum hits you!
The frost giant simulacrum freezes you!!
* * * LOW HITPOINT WARNING * * *
A jiangshi comes into view.
There is an open door here.
Unknown command.
You slash the flayed ghost! You burn the flayed ghost.
The flayed ghost is moderately damaged.
The flayed ghost hits you!
* * * LOW HITPOINT WARNING * * *
The flayed ghost closely misses you.
You barely miss the flayed ghost.
The flayed ghost is lightly damaged.
The frost giant simulacrum hits you!!
* * * LOW HITPOINT WARNING * * *
The frost giant simulacrum freezes you!!!
You die...

Action                   |  1- 3 |  4- 6 |  7- 9 | 10-12 | 13-15 | 16-18 | 19-21 || total
-------------------------+-------+-------+-------+-------+-------+-------+-------++-------
Melee: Unarmed           |   102 |   288 |   388 |   932 |   375 |       |       ||  2085
       Lajatang          |       |       |       |       |   993 |  1926 |  1135 ||  4054
Throw: Stone             |       |     1 |     1 |     7 |    38 |    36 |    16 ||    99
 Cast: Flight            |       |       |       |       |       |    11 |     1 ||    12
       Repel Missiles    |       |       |       |       |       |     3 |     1 ||     4
       Haste             |       |       |       |       |       |       |     5 ||     5
Invok: Vitalisation      |       |       |     1 |     2 |     8 |    36 |    16 ||    63
       Recite            |       |       |       |     2 |       |    23 |    21 ||    46
       Divine Shield     |       |       |       |       |       |       |     4 ||     4
Evoke: Wand              |     1 |       |       |       |     8 |    64 |       ||    73
  Use: Scroll            |       |    14 |    10 |     5 |    10 |    30 |    22 ||    91
       Potion            |       |     1 |     1 |     9 |     4 |     8 |    14 ||    37
 Stab: Sleeping          |     2 |     4 |     8 |     5 |    12 |     2 |     8 ||    41
       Distracted        |       |       |     1 |     1 |     1 |     1 |     5 ||     9
       Invisible         |       |       |       |     2 |       |     2 |     1 ||     5
       Confused          |       |       |       |     1 |       |    13 |    14 ||    28
       Paralysed         |       |       |       |       |       |    50 |       ||    50
  Eat: Chunk             |     1 |    10 |     7 |     7 |    30 |     6 |       ||    61
       Beef jerky        |       |       |     2 |     1 |       |     1 |       ||     4
       Pizza             |       |       |     1 |       |       |       |       ||     1
       Bread ration      |       |       |       |     2 |     2 |     8 |     8 ||    20
       Meat ration       |       |       |       |     2 |     1 |     1 |       ||     4
       Fruit             |       |       |       |     1 |       |     2 |     1 ||     4
       Royal jelly       |       |       |       |       |     1 |       |       ||     1

Vault maps used:
D:1:      matt_arrival_los_fun
D:2:      lightli_temple_of_fire, xom_butterflies, kennysheep_cross_bottleneck,
          minmay_misc_feat_roman
D:3:      grunt_gozag_breadcrumbs
D:4:      first_bread, uniq_eustachio
D:6:      tso_oasis_becter, minmay_temple_entry_trees,
          lightli_ossuary_entry_decrepit_ruins, nrook_mini_vaults, uniq_duvessa
D:7:      okawaru_trees_2, lemuel_round_altar, serial_curves, eino_curves_02,
          eino_curves_03, yredelemnul_altar_generic
D:8:      minmay_separated_statues, uniq_edmund, uniq_blork_the_orc
D:9:      nicolae_overflow_hidden_temple
D:10:     serial_shops, nicolae_shop_stone, uniq_psyche, uniq_joseph,
          uniq_erolcha
D:11:     dpeg_oklobed_lair, special_room, the_bakery, uniq_josephine
D:12:     orc_0_dummy, tgw_xom
D:13:     kennysheep_scales, david_vaults_2, basic_altar,
          kennysheep_generic_room_5
D:14:     minmay_misc_feat_plants, basic_altar, uniq_fannar
D:15:     hangedman_depths_entry_try_elsewhere_first, serial_bayou_shore_b
Temple:   zaba_magenta_temple_12
Orc:1:    uniq_maurice
Orc:3:    nicolae_orc_pool_cavern
Orc:4:    grunt_orc_community_town_hall, grunt_orc_community_big_house_1,
          grunt_orc_community_big_house_2, grunt_orc_community_house_3,
          grunt_orc_community_house_1, grunt_orc_community_house_3,
          grunt_orc_community_house_3, grunt_orc_community_house_2
Lair:1:   enter_volcano_2, nicolae_quartered_pool_super, worms_lemuel
Lair:2:   nicolae_lair_grove_arrangements, minivault_29, lemuel_fruit_fields
Lair:4:   spider_nest_entry_webs, beast_lair_carwin_4
Lair:5:   beast_lair_carwin_large_1, elwin_shoals_entry_stream, basic_altar,
          roderic_ravens_nest, st_stairs_12, serial_bayou_ford_a
Lair:6:   minmay_stone_trees_medium, grunt_forest_small_clearings,
          grunt_megastairs_1, uniq_maud, uniq_nergalle
Lair:7:   serial_bayou, serial_bayou_pond_d, serial_bayou_lake_a,
          serial_bayou_crossing, serial_bayou_pond_d, grunt_megastairs_2,
          uniq_rupert
Lair:8:   evil_forest, slime_altar_1, infiniplex_staircase_pool
Shoals:1: nicolae_shoals_mertower
Spider:1: einodemon_crawler_minivault
Spider:2: spiders_nest_scorpion_pit, uniq_azrael
Spider:3: nicolae_orb_stairs
Spider:5: spider_rune_water, uniq_arachne, uniq_jorgrun, uniq_nikola
Vaults:1: ontoclasm_vaults_misaligned, vaults_room_boxed,
          nicolae_vaults_ring_of_whatevers, ontoclasm_vaults_claustrophobia,
          nicolae_vaults_triangles, nicolae_vaults_big_ls, st_star, v_misc_27,
          nicolae_vaults_little_squares_1, nicolae_vaults_mini_display_case,
          serial_shops, shop
Vaults:2: minmay_crypt_entry_simple_statues, v_misc_1, nicolae_vaults_meeting,
          vaults_room_corners, vaults_room_hallway, vaults_room_octagon,
          nicolae_vaults_little_ls, hangedman_vaults_nails,
          dpeg_vaults_monster_box, nicolae_vaults_angled_halls, vaults_dpeg_ring
Crypt:1:  infiniplex_enter_wizlab_spiral, fountainhead,
          grunt_crypt_arrival_webbed, roderic_lattice_octagonal_star
Crypt:2:  crypt_curse_skull
Volcano:  volcano_bunker
WizLab:   wizlab_wucad

Notes
Turn   | Place    | Note
--------------------------------------------------------------
     0 | D:1      | MackTheKnife, the Human Monk, began the quest for the Orb.
     0 | D:1      | Reached XP level 1. HP: 18/18 MP: 1/1
   174 | D:1      | Reached XP level 2. HP: 24/24 MP: 2/2
   605 | D:2      | Found a shimmering altar of Xom.
   646 | D:2      | Reached XP level 3. HP: 29/29 MP: 3/3
   686 | D:2      | Reached skill level 5 in Unarmed Combat
  1261 | D:2      | Reached XP level 4. HP: 32/35 MP: 4/4
  1276 | D:2      | Found a bloodstained altar of Trog.
  2176 | D:3      | Reached skill level 6 in Unarmed Combat
  2176 | D:3      | Reached XP level 5. HP: 37/41 MP: 5/5
  2790 | D:4      | Noticed Afay's ghost (average DECj)
  2994 | D:3      | Noticed MrRokkomies' ghost (average CeHu)
  3390 | D:3      | Reached XP level 6. HP: 34/47 MP: 6/6
  3491 | D:3      | Reached skill level 7 in Unarmed Combat
  3540 | D:3      | Found an opulent altar of Gozag.
  3708 | D:3      | Killed MrRokkomies' ghost
  4212 | D:4      | Reached XP level 7. HP: 38/52 MP: 7/7
  4739 | D:5      | Entered Level 5 of the Dungeon
  4810 | D:5      | Reached skill level 4 in Dodging
  5075 | D:5      | Reached skill level 8 in Unarmed Combat
  5156 | D:5      | Reached skill level 5 in Dodging
  5244 | D:5      | You fall through a shaft for 2 floors!
  5327 | D:6      | Reached XP level 8. HP: 58/58 MP: 8/8
  5391 | D:6      | Noticed Dowan
  5402 | D:6      | Killed Dowan
  5441 | D:6      | Noticed Duvessa
  5920 | D:5      | Reached skill level 6 in Dodging
  6027 | D:5      | Reached skill level 9 in Unarmed Combat
  6193 | D:6      | Found a glowing golden altar of the Shining One.
  6211 | D:6      | Found a staircase to the Ecumenical Temple.
  6224 | Temple   | Entered the Ecumenical Temple
  6241 | Temple   | Became a worshipper of Zin the Law-Giver
  6241 | Temple   | Acquired Zin's first power
  6241 | Temple   | Acquired Zin's second power
  6241 | Temple   | Acquired Zin's third power
  6309 | D:6      | Killed Duvessa
  6405 | D:6      | Reached XP level 9. HP: 34/63 MP: 9/9
  6654 | D:6      | Reached skill level 7 in Dodging
  7037 | D:7      | Found an iron altar of Okawaru.
  7156 | D:7      | Reached skill level 10 in Unarmed Combat
  7314 | D:7      | Found a basalt altar of Yredelemnul.
  7401 | D:7      | Reached skill level 8 in Dodging
  7404 | D:7      | Found a snail-covered altar of Cheibriados.
  7660 | D:7      | Reached skill level 4 in Fighting
  7783 | D:7      | Noticed a two-headed ogre
  7789 | D:7      | Killed a two-headed ogre
  8047 | D:8      | Noticed a silver statue
  8112 | D:8      | Reached XP level 10. HP: 65/73 MP: 10/10
  8164 | D:8      | Reached skill level 5 in Fighting
  8245 | D:8      | Noticed Blork the orc
  8251 | D:8      | Killed Blork the orc
  8251 | D:8      | Reached skill level 9 in Dodging
  8554 | D:8      | Gained mutation: You are partially covered in slimy green scales (AC +2). [potion of mutation]
  8793 | D:8      | Noticed Edmund
  8801 | D:8      | Reached skill level 6 in Fighting
  8816 | D:8      | Killed Edmund
  9286 | D:8      | Reached skill level 10 in Dodging
  9324 | D:8      | Noticed an ice statue
  9346 | D:8      | Killed an ice statue
  9346 | D:8      | Reached skill level 7 in Fighting
  9874 | D:9      | Killed a staircase mimic
  9874 | D:9      | Reached skill level 8 in Fighting
  9874 | D:9      | Reached XP level 11. HP: 75/86 MP: 11/11
  9912 | D:9      | Reached skill level 11 in Unarmed Combat
 10200 | D:9      | Found a sacrificial altar of Ru.
 10626 | D:10     | Entered Level 10 of the Dungeon
 10626 | D:10     | Noticed Psyche
 10635 | D:10     | Killed Psyche
 10803 | D:10     | Found Kiaph's Antique Weapon Shop.
 11099 | D:10     | Acquired Zin's fourth power
 11140 | D:10     | Noticed Joseph
 11150 | D:10     | Reached skill level 9 in Fighting
 11158 | D:10     | Killed Joseph
 11520 | D:10     | Noticed Erolcha
 11527 | D:10     | HP: 5/89 [something/bolt of poison (4)]
 12140 | D:11     | Paralysed by a yellow wasp for 3 turns
 12550 | D:11     | Reached skill level 12 in Unarmed Combat
 12798 | D:11     | Found a staircase to the Lair.
 12799 | D:11     | Noticed an oklob plant
 12870 | D:11     | Noticed a red ugly thing
 12881 | D:11     | Killed a red ugly thing
 12881 | D:11     | Reached skill level 10 in Fighting
 13180 | D:11     | Noticed Josephine
 13194 | D:11     | Killed Josephine
 13194 | D:11     | Reached skill level 3 in Invocations
 13194 | D:11     | Reached XP level 12. HP: 74/97 MP: 12/18
 13233 | D:11     | Reached skill level 4 in Invocations
 14019 | D:11     | Reached skill level 5 in Invocations
 14187 | D:11     | Noticed a hill giant
 14198 | D:11     | Killed a hill giant
 14198 | D:11     | Reached skill level 6 in Invocations
 14537 | D:11     | Killed an oklob plant
 14537 | D:11     | Reached skill level 7 in Invocations
 14682 | Lair:1   | Entered Level 1 of the Lair of Beasts
 14751 | Lair:1   | Found a dark tunnel.
 14757 | Volcano  | Entered a volcano
 14817 | Volcano  | Reached skill level 8 in Invocations
 15252 | Lair:1   | Reached skill level 9 in Invocations
 16743 | Lair:1   | Reached XP level 13. HP: 53/104 MP: 26/26
 17250 | Lair:1   | Reached skill level 1 in Staves
 17280 | Lair:1   | Reached skill level 2 in Staves
 17660 | Lair:2   | Reached skill level 3 in Staves
 17886 | Lair:2   | Reached skill level 4 in Staves
 18110 | Lair:2   | Reached skill level 5 in Staves
 18167 | Lair:2   | Reached skill level 6 in Staves
 18367 | Lair:2   | Reached skill level 7 in Staves
 18892 | Lair:2   | Reached skill level 8 in Staves
 19332 | Lair:3   | Noticed Afay's ghost (powerful TrMo)
 19355 | Lair:3   | HP: 6/105 [Afay's ghost (20)]
 20621 | Lair:3   | Reached skill level 9 in Staves
 21292 | Lair:4   | Found a hole to the Spider Nest.
 21643 | Lair:4   | Reached skill level 10 in Staves
 21870 | Lair:4   | Reached XP level 14. HP: 91/111 MP: 27/27
 22371 | Lair:4   | Reached skill level 11 in Staves
 23326 | Lair:5   | Found a staircase to the Shoals.
 23598 | Lair:5   | Reached skill level 12 in Staves
 23651 | Lair:5   | Found an opulent altar of Gozag.
 24406 | Lair:5   | Reached skill level 13 in Staves
 25211 | Lair:6   | Learned a level 2 spell: Repel Missiles
 25214 | Lair:6   | Learned a level 2 spell: Swiftness
 25626 | Lair:6   | Noticed Nergalle
 25648 | Lair:6   | Killed Nergalle
 25806 | Lair:6   | Noticed Maud
 25827 | Lair:6   | Killed Maud
 25827 | Lair:6   | Reached skill level 14 in Staves
 26120 | Lair:7   | Reached XP level 15. HP: 93/117 MP: 28/28
 26692 | Lair:7   | Reached skill level 11 in Fighting
 26722 | Lair:7   | Reached skill level 11 in Dodging
 27409 | Lair:7   | Noticed Rupert
 27410 | Lair:7   | Paralysed by Rupert for 5 turns
 27610 | Lair:8   | Entered Level 8 of the Lair of Beasts
 27723 | Lair:8   | Reached skill level 1 in Charms
 27723 | Lair:8   | Reached skill level 1 in Air Magic
 27773 | Lair:8   | Reached skill level 2 in Charms
 27773 | Lair:8   | Reached skill level 2 in Air Magic
 27940 | Lair:8   | Reached skill level 3 in Air Magic
 27960 | Lair:8   | Reached skill level 3 in Charms
 28334 | Lair:8   | Found a staircase to the Slime Pits.
 28334 | Lair:8   | Found a viscous altar of Jiyva.
 28509 | Lair:8   | Reached skill level 4 in Charms
 28512 | Lair:8   | Reached skill level 4 in Air Magic
 28593 | Lair:8   | Reached skill level 1 in Spellcasting
 28787 | Lair:8   | Reached skill level 2 in Spellcasting
 29161 | Lair:8   | Reached skill level 3 in Spellcasting
 29556 | Lair:8   | Reached skill level 4 in Spellcasting
 29665 | Lair:8   | Found a burning altar of Makhleb.
 29695 | Lair:8   | HP: 10/119 [hell beast (8)]
 30375 | Lair:8   | Found a gateway to Hell.
 30453 | Lair:7   | Killed Rupert
 30453 | Lair:7   | Reached XP level 16. HP: 88/126 MP: 29/29
 30795 | D:12     | Found a staircase to the Orcish Mines.
 30808 | Orc:1    | Entered Level 1 of the Orcish Mines
 31302 | Orc:1    | Noticed Maurice
 31312 | Orc:1    | Killed Maurice
 31605 | Orc:3    | Found a staircase to the Elven Halls.
 31746 | Orc:4    | Entered Level 4 of the Orcish Mines
 31827 | Orc:4    | Found a roughly hewn altar of Beogh.
 31894 | Orc:4    | Found a roughly hewn altar of Beogh.
 31979 | Orc:4    | Found a roughly hewn altar of Beogh.
 31993 | Orc:4    | Found Khaqit's Armour Shop.
 32077 | Orc:4    | Reached skill level 12 in Dodging
 32180 | Orc:4    | Found a roughly hewn altar of Beogh.
 32186 | Orc:4    | Reached skill level 12 in Fighting
 32297 | Orc:4    | Found a roughly hewn altar of Beogh.
 32337 | Orc:4    | Found a roughly hewn altar of Beogh.
 32337 | Orc:4    | Found Ibrodwut's General Store.
 32358 | Orc:4    | Bought a scroll of teleportation for 39 gold pieces
 32787 | Orc:4    | Found a roughly hewn altar of Beogh.
 32788 | Orc:4    | Found Phue's Antique Armour Boutique.
 32792 | Orc:4    | Found Waod's Antique Weapon Shop.
 32798 | Orc:4    | Bought an amethyst-encrusted leather armour for 203 gold pieces
 32805 | Orc:4    | Identified the +2 leather armour of the Iron City of Dis {Int+1} (You bought it in a shop on level 4 of the Orcish Mines)
 34211 | Lair:2   | Learned a level 3 spell: Flight
 35064 | D:12     | Found a shimmering altar of Xom.
 35082 | D:12     | Got a warped plate armour
 35083 | D:12     | Identified the cursed +0 plate armour of Sif Muna's Displeasure {Int+3} (You found it on level 12 of the Dungeon)
 36030 | D:13     | Reached skill level 13 in Dodging
 36277 | D:13     | Reached skill level 13 in Fighting
 36314 | D:13     | Found a gate to the Vaults.
 36561 | D:13     | Found a white marble altar of Elyvilon.
 36854 | D:13     | Got a jewelled whip
 36855 | D:13     | Identified the +2 whip "Qaabuos" {drain, rElec Str+1 SInv} (You took it off an orc on level 13 of the Dungeon)
 37006 | D:13     | Noticed a sphinx
 37020 | D:13     | Killed a sphinx
 37266 | D:14     | Noticed Fannar
 37392 | D:14     | Killed Fannar
 37431 | D:14     | Got a pitted shield
 37486 | D:14     | Reached skill level 1 in Armour
 37603 | D:14     | Reached skill level 2 in Armour
 37874 | D:14     | Reached XP level 17. HP: 137/137 MP: 7/29
 37936 | D:14     | Found a basalt altar of Yredelemnul.
 38002 | D:15     | Entered Level 15 of the Dungeon
 38131 | D:15     | Found a staircase to the Depths.
 38145 | D:15     | Reached skill level 3 in Armour
 39030 | D:13     | Reached skill level 4 in Armour
 39121 | Lair:2   | Upgraded the game from 0.16-a0-702-gf4f471d to 0.16-a0-715-g16937c4
 39121 | Lair:2   | Upgraded the game from 0.16-a0-715-g16937c4 to 0.16-a0-734-gc254e8c
 39205 | Shoals:1 | Entered Level 1 of the Shoals
 39354 | Shoals:1 | Reached skill level 14 in Fighting
 39625 | Shoals:1 | Reached skill level 5 in Armour
 39789 | Shoals:1 | Got a crude short sword
 39790 | Shoals:1 | Identified the +6 short sword of Dividends {slice, Contam rF+ SInv} (You found it on level 1 of the Shoals)
 40029 | Shoals:1 | Reached skill level 6 in Armour
 40082 | Shoals:1 | HP: 8/139 [merfolk javelineer/ steel javelin (13)]
 40827 | Spider:1 | Entered Level 1 of the Spider Nest
 41089 | Spider:1 | Reached skill level 7 in Armour
 41721 | Spider:1 | Reached skill level 8 in Armour
 42295 | Spider:1 | Reached skill level 9 in Armour
 42732 | Spider:2 | Noticed Azrael
 43040 | Spider:2 | Killed Azrael
 44065 | Spider:2 | Reached XP level 18. HP: 147/147 MP: 30/30
 44386 | Spider:2 | Reached skill level 14 in Dodging
 45514 | Spider:4 | Reached skill level 15 in Fighting
 45544 | Spider:4 | Reached skill level 1 in Evocations
 45584 | Spider:4 | Reached skill level 2 in Evocations
 45779 | Spider:4 | Reached skill level 3 in Evocations
 45937 | Spider:4 | Paralysed by a red wasp for 2 turns
 46009 | Spider:5 | Entered Level 5 of the Spider Nest
 46016 | Spider:5 | Noticed Nikola
 46021 | Spider:5 | Reached skill level 4 in Evocations
 46049 | Spider:4 | Killed Nikola
 46049 | Spider:4 | Reached skill level 5 in Evocations
 46344 | Spider:5 | Noticed Jorgrun
 46370 | Spider:5 | Killed Jorgrun
 46382 | Spider:5 | Reached skill level 6 in Evocations
 46898 | Spider:5 | Reached skill level 7 in Evocations
 47176 | Spider:5 | Reached skill level 8 in Evocations
 47376 | Spider:5 | Reached skill level 3 in Stealth
 47397 | Spider:5 | Reached skill level 4 in Stealth
 47734 | Spider:5 | Noticed Arachne
 47749 | Spider:5 | Killed Arachne
 47749 | Spider:5 | Reached skill level 5 in Stealth
 47963 | Spider:5 | Reached skill level 6 in Stealth
 48202 | Spider:5 | Reached skill level 7 in Stealth
 48202 | Spider:5 | Reached XP level 19. HP: 54/155 MP: 2/31
 48539 | Spider:5 | Got a gossamer rune of Zot
 48782 | Lair:2   | Learned a level 6 spell: Haste
 48784 | Lair:2   | Identified the cursed -5 shield of Bill {MR++ Str+4 Int+4} (You found it on level 14 of the Dungeon)
 48786 | Lair:2   | Upgraded the game from 0.16-a0-734-gc254e8c to 0.16-a0-764-g7febf84
 48923 | Vaults:1 | Entered Level 1 of the Vaults
 49132 | Vaults:1 | Reached skill level 5 in Charms
 49274 | Vaults:1 | Found Apta's Distillery.
 49295 | Vaults:1 | Bought a potion of cancellation for 93 gold pieces
 49295 | Vaults:1 | Bought 2 potions of heal wounds for 102 gold pieces
 49295 | Vaults:1 | Bought a potion of might for 42 gold pieces
 49295 | Vaults:1 | Bought a potion of might for 42 gold pieces
 49295 | Vaults:1 | Bought a potion of brilliance for 42 gold pieces
 49295 | Vaults:1 | Bought 2 potions of curing for 68 gold pieces
 49582 | Vaults:1 | Reached skill level 6 in Charms
 49833 | Vaults:1 | Reached skill level 7 in Charms
 50435 | Vaults:1 | Reached skill level 8 in Charms
 50793 | Vaults:1 | Reached skill level 9 in Charms
 51175 | Vaults:1 | Identified a scroll of acquirement
 51684 | Vaults:2 | Paralysed by a great orb of eyes for 7 turns
 51717 | Vaults:2 | Found a staircase to the Crypt.
 52199 | Vaults:2 | Reached skill level 10 in Charms
 52998 | Vaults:2 | Reached skill level 11 in Charms
 53299 | Vaults:2 | Reached XP level 20. HP: 117/162 MP: 31/31
 53641 | Vaults:2 | Reached skill level 12 in Charms
 54344 | Vaults:2 | Reached skill level 13 in Charms
 54841 | Vaults:2 | Got an ichor-stained ring mail
 54842 | Vaults:2 | Identified the cursed -1 ring mail "Mozokec" {rF+} (You found it on level 2 of the Vaults)
 55556 | D:6      | Fell from the grace of Zin
 55556 | D:6      | Became a worshipper of the Shining One
 55556 | D:6      | Acquired the Shining One's first power
 55556 | D:6      | Acquired the Shining One's second power
 55973 | Crypt:1  | Entered Level 1 of the Crypt
 56001 | Crypt:1  | Reached skill level 14 in Charms
 56145 | Crypt:1  | Found a magical portal.
 56291 | WizLab   | Entered Wucad Mu's Monastery
 56591 | WizLab   | HP: 10/162 [grey draconian monk[old memories] (10)]
 58362 | Crypt:1  | Reached skill level 10 in Invocations
 58468 | Crypt:1  | Acquired the Shining One's third power
 59697 | Crypt:2  | Slain by a frost giant simulacrum

Vanquished Creatures
  Nikola (Spider:4)
  Arachne (Spider:5)
  A sphinx (D:13)
  Rupert (Lair:7)
  An ancient champion (Vaults:2)
  A revenant (Crypt:1)
  2 draconian monks (WizLab)
  2 ghost moths (Spider:5)
  Maud (Lair:6)
  6 vault wardens
  2 orc warlords
  A ghoul (Crypt:1)
  7 emperor scorpions
  Jorgrun (Spider:5)
  2 stone giants (Vaults:2)
  A war gargoyle (Vaults:1)
  A very ugly thing (Vaults:2)
  Azrael (Spider:2)
  A dire elephant (D:15)
  A deep elf annihilator (Vaults:2)
  3 jiangshi
  A merfolk javelineer (Shoals:1)
  2 fire dragons
  2 eidola
  A yaktaur captain (Vaults:2)
  Josephine (D:11)
  2 merfolk impalers (Shoals:1)
  5 vault guards (Vaults:2)
  2 great orbs of eyes
  6 ironheart preservers
  Fannar (D:14)
  2 ghost crabs
  A quicksilver dragon skeleton (Crypt:1)
  5 ogre magi
  4 monstrous demonspawn (WizLab)
  A rakshasa (Vaults:2)
  5 hydras
  6 centaur warriors
  8 death yaks
  An orc high priest (Orc:3)
  A tengu warrior (D:14)
  2 deep troll shamans (Vaults:2)
  A death knight (Crypt:1)
  A vampire mage (Crypt:1)
  Nergalle (Lair:6)
  A titan skeleton (Crypt:2)
  2 deep elf knights (Vaults:2)
  A soul eater (Crypt:2)
  2 shadow wraiths
  2 sea snakes (Shoals:1)
  A spectral green draconian (Crypt:1)
  2 unseen horrors
  6 skeletal warriors (Crypt:1)
  9 deep trolls
  A fire crab (Vaults:2)
  5 harpies
  2 flayed ghosts
  6 hill giants
  An ice statue (D:8)
  A deep elf summoner (Vaults:2)
  16 orb spiders
  4 orc knights
  2 shadow dragon zombies (Crypt:1)
  A wizard (Lair:8)
  31 ugly things
  4 necromancers
  3 ironbrand convokers
  5 phantasmal warriors
  35 wolf spiders
  A red wasp (shapeshifter) (D:13)
  A moth of wrath (shapeshifter) (D:13)
  6 orc sorcerers
  An oklob plant (D:11)
  5 manticores
  8 griffons
  A spectral ettin (Crypt:1)
  34 elephants
  3 moths of wrath
  12 red wasps
  Maurice (Orc:1)
  6 vault sentinels
  3 mermaids
  6 cyclopes
  A titan simulacrum (Crypt:2)
  A guardian serpent (shapeshifter) (D:13)
  Joseph (D:10)
  3 toenail golems (Volcano)
  5 orange demons (Lair:8)
  A frost giant skeleton (Crypt:1)
  A torpor snail (Lair:7)
  A queen ant (Lair:2)
  A molten gargoyle (D:13)
  A tengu conjurer (D:14)
  A feature mimic (D:9)
  Psyche (D:10)
  12 spiny frogs
  A gargoyle (D:11)
  A shock serpent skeleton (Crypt:2)
  7 black mambas
  7 yaktaurs
  An item mimic (Lair:4)
  2 kobold demonologists (Vaults:1)
  An elf (shapeshifter) (D:14)
  16 komodo dragons
  A mottled draconian zombie (Crypt:1)
  15 demonic crawlers
  A yellow draconian skeleton (Crypt:2)
  2 red devils (Lair:8)
  7 fire drakes
  A hell beast (Lair:8)
  8 merfolk
  A silent spectre (Crypt:2)
  A fire drake (shapeshifter) (D:13)
  A hellwing (Lair:8)
  A queen bee (Lair:6)
  5 trolls
  23 jumping spiders
  10 two-headed ogres
  A raiju (shapeshifter) (Vaults:2)
  4 freezing wraiths
  9 boulder beetles
  3 ravens
  A catoblepas skeleton (D:12)
  An ettin zombie (Crypt:2)
  23 slime creatures
  14 blink frogs
  2 blue devils (Lair:8)
  A fire dragon zombie (Crypt:1)
  3 vampires
  2 spriggans (shapeshifter) (Vaults:1)
  5 basilisks
  6 shadows
  6 snapping turtles (Shoals:1)
  A spriggan (D:11)
  28 trapdoor spiders
  21 tarantellas
  39 redbacks
  3 wyverns
  6 deep elf magi
  An ettin skeleton (Vaults:1)
  A queen ant zombie (Crypt:1)
  6 humans (Volcano)
  A steam dragon (D:10)
  9 wraiths
  16 yaks
  15 hippogriffs
  5 deep elf fighters
  4 vampire mosquitoes
  4 hill giant skeletons
  A yaktaur simulacrum (Vaults:1)
  4 hungry ghosts
  Edmund (D:8)
  20 soldier ants (Lair:2)
  19 wolves
  A spiny frog zombie (Crypt:2)
  2 tengu zombies
  15 water moccasins
  4 human zombies
  6 swamp worms (Lair:1)
  The ghost of MrRokkomies the Shooter, an average CeHu (D:3)
  4 wargs
  An ogre skeleton (D:12)
  4 sky beasts
  7 hell hounds
  15 porcupines
  41 orc warriors
  A necrophage (D:9)
  A black bear (D:11)
  A lindwurm zombie (Crypt:1)
  A ghost crab zombie (Vaults:2)
  8 ice beasts
  29 spiders
  32 ogres
  3 yellow wasps
  2 big kobolds
  3 phantoms
  Duvessa (D:6)
  4 boring beetles
  21 centaurs
  A glowing shapeshifter simulacrum (Vaults:2)
  Blork the orc (D:8)
  22 crocodiles
  A water moccasin zombie (D:11)
  A yaktaur skeleton (Vaults:1)
  A cyclops zombie (Vaults:2)
  24 giant frogs
  A gnoll sergeant (D:8)
  An eye of draining (shapeshifter) (D:14)
  3 troll zombies
  A yak skeleton (D:8)
  A hippogriff zombie (D:5)
  49 killer bees
  12 scorpions
  A spriggan zombie (Crypt:1)
  5 electric eels
  10 wights
  A lava snake (D:13)
  5 jellies
  12 crimson imps
  A goliath beetle (Spider:1)
  A human simulacrum (Vaults:1)
  3 quasits
  Dowan (D:6)
  2 elf zombies
  A giant frog zombie (D:11)
  2 centaur skeletons
  42 orc priests
  40 orc wizards
  A gnoll shaman (D:8)
  2 basilisk skeletons (D:13)
  12 hounds
  A two-headed ogre skeleton (D:11)
  35 worker ants
  8 iguanas
  A crocodile zombie (D:12)
  A tengu skeleton (Crypt:1)
  A dwarf skeleton (Crypt:1)
  11 sheep
  2 mummies
  A hound skeleton (D:11)
  A worker ant zombie (D:9)
  8 gnolls
  2 scorpion zombies
  9 shadow imps
  4 orc skeletons
  28 adders
  40 green rats
  An inept feature mimic (D:5)
  An inept item mimic (D:2)
  A giant mite (D:5)
  A worm (shapeshifter) (Vaults:1)
  15 worms
  4 orc zombies
  A sheep zombie (Crypt:1)
  An adder skeleton (D:9)
  2 oozes
  256 orcs
  A ball python (D:7)
  18 bats
  A bat zombie (D:5)
  7 giant cockroaches
  26 goblins
  30 hobgoblins
  7 jackals (D:3)
  26 kobolds
  15 quokkas
  7 giant geckos
  A giant gecko zombie (D:5)
  A giant mite zombie (Crypt:2)
  A giant newt (D:6)
  3 giant spores
  14 rats
  A rat skeleton (D:3)
  A spectral rat (Crypt:1)
  3 ballistomycetes
  A butterfly (D:2)
  4 plants
1833 creatures vanquished.

Vanquished Creatures (others)
  An unseen horror (D:13)
  An orb spider (Spider:5)
  A wolf spider (Spider:3)
  A moth of wrath (Spider:5)
  A dire elephant skeleton (Crypt:1)
  A demonic crawler (Spider:1)
  A deep elf mage (Vaults:2)
  A deep elf fighter (Vaults:2)
  An orc warrior (Orc:4)
  2 lost souls (Crypt:1)
  An orc (Orc:3)
  2 orc zombies (Orc:4)
  7 fungi
  9 plants
30 creatures vanquished.

Grand Total: 1863 creatures vanquished
